 Dungeon Crawl Stone Soup version 0.20.1-1-g8b1a95d (webtiles) character file.

458 ANON1729 the Firebug (level 7, -3/41 HPs)
             Began as an Octopode Fire Elementalist on Sept 29, 2017.
             Was a Follower of Sif Muna.
             Slain by a gnoll
             ... wielding a +0 spear
              (9 damage)
             ... on level 4 of the Dungeon.
             The game lasted 00:10:37 (4016 turns).

ANON1729 the Firebug (Octopode Fire Elementalist)   Turns: 4016, Time: 00:10:38

Health: -3/41      AC:  1    Str:  7    XL:     7   Next: 6%
Magic:  7/13       EV: 13    Int: 19    God:    Sif Muna [*.....]
Gold:   58         SH:  0    Dex: 13    Spells: 6/14 levels left

rFire    + . .     SeeInvis .   (no weapon)
rCold    . . .     Gourm    .   (no shield)
rNeg     . . .     Faith    .   (helmet restricted)
rPois    .         Spirit   .   (no amulet)
rElec    .         Reflect  .   f - ring of protection from fire
rCorr    .         Harm     .   l - ring of wizardry
MR       .....                  (no ring)
Stlth    +++.......             (no ring)
Regen    0.2/turn               (no ring)
MPRegen  0.2/turn               (no ring)
                                (no ring)
                                (no ring)

@: no status effects
A: almost no armour, stealthy swim, amphibious, 8 rings, constrict 8, camouflage
1, gelatinous body 1
a: Divine Energy, Renounce Religion


You were on level 4 of the Dungeon.
You worshipped Sif Muna.
Sif Muna was aware of your devotion.
You were not hungry.

You visited 1 branch of the dungeon, and saw 4 of its levels.
You also visited: Sewer.

You collected 58 gold pieces.

Inventory:

Jewellery
 f - a ring of protection from fire (left tentacle)
 l - a ring of wizardry (right tentacle)
Scrolls
 n - a scroll of magic mapping {unknown}
Potions
 c - 3 potions of curing
 e - 3 potions of flight
 j - 3 potions of heal wounds {unknown}
Books
 a - a book of Flames

   Spells                             Type                      Level
   a - Flame Tongue                   Conjuration/Fire             1
   b - Throw Flame                    Conjuration/Fire             2
   c - Conjure Flame                  Conjuration/Fire             3
   d - Inner Flame                    Hexes/Fire                   3
   e - Sticky Flame                   Conjuration/Fire             4
   f - Fireball                       Conjuration/Fire             5
 h - a book of Conjurations

   Spells                             Type                      Level
   a - Magic Dart                     Conjuration                  1
   b - Searing Ray                    Conjuration                  2
   c - Dazzling Spray                 Conjuration/Hexes            3
   d - Fulminant Prism                Conjuration/Hexes            4
   e - Force Lance                    Conjuration/Translocation    4
   f - Iskenderun's Mystic Blast      Conjuration                  4
 k - a book of Necromancy

   Spells                             Type                      Level
   a - Pain                           Necromancy                   1
   b - Animate Skeleton               Necromancy                   1
   c - Vampiric Draining              Necromancy                   3
   d - Regeneration                   Charms/Necromancy            3
   e - Animate Dead                   Necromancy                   4
   f - Control Undead                 Necromancy                   4
Comestibles
 b - a bread ration
 d - 6 fruits
 g - a meat ration
 i - 2 royal jellies
 m - a chunk of flesh


   Skills:
 - Level 2.0 Dodging
 - Level 2.6 Stealth
 + Level 4.2 Spellcasting
 + Level 4.0 Conjurations
 + Level 5.1 Fire Magic


You had 6 spell levels left.
You knew the following spells:

 Your Spells              Type           Power        Failure   Level  Hunger
a - Flame Tongue          Conj/Fire      ###..        1%          1    None
b - Conjure Flame         Conj/Fire      ###.....     2%          3    ###....
c - Sticky Flame          Conj/Fire      ###.....     9%          4    ####...


Dungeon Overview and Level Annotations

Branches:
Dungeon (4/15)
 Temple: D:4-7

Altars:
Makhleb
Okawaru
Sif Muna
Vehumet
Yredelemnul

Annotations:
D:4 Eustachio


Innate Abilities, Weirdness & Mutations

You cannot wear most types of armour.
You are very stealthy in the water. (Stealth+)
You are amphibious.
You can wear up to eight rings at the same time.
You can use your tentacles to constrict eight enemies at once.
Your skin changes colour to match your surroundings (Stealth+).
Your rubbery body absorbs attacks. (AC +1, EV +1)


Message History

Confirm with . or Enter, or press ? or * to list all spells.
Aiming: Flame Tongue
Press: ? - help, Shift-Dir - straight line, f/p - gnoll
Aim: a gnoll, wielding a flail (almost dead)
The flame tongue misses the gnoll.
The flame tongue hits the gnoll.
The gnoll is almost dead.
The gnoll hits you with a flail!
* * * LOW HITPOINT WARNING * * *
The gnoll misses you.
Unknown command.
Casting: Flame Tongue
Confirm with . or Enter, or press ? or * to list all spells.
Aiming: Flame Tongue
Press: ? - help, Shift-Dir - straight line, f/p - gnoll
Aim: a gnoll, wielding a flail (severely wounded)
The flame tongue hits the gnoll.
The gnoll appears unharmed.
The gnoll is severely wounded.
The gnoll misses you.
The gnoll hits you from afar with a spear!
You die...

#....... o.
....... # #..... #
##.#.. #.#..#.#
##.##
#.#..#)##......
#..g..)).......
###g########..<
#@# #≈# # #.# #.#
# #.# #≈###### #
#)# #≈#..).# # #.#
#≈####[# # #.#
#≈####.####
####.####
#≈#........
#.......#
#≈#.##.####
#.##.##.###≈#.##.#


You could see 2 gnolls.

Vanquished Creatures
  Sigmund (D:4)
  A big kobold (Sewer)
  A gnoll shaman (D:4)
  A worker ant (D:3)
  4 gnolls (D:4)
  4 adders
  A river rat (Sewer)
  A worm (D:3)
  4 leopard geckos
  12 orcs
  3 giant cockroaches (D:3)
  2 gnoll zombies (D:3)
  4 goblins
  8 hobgoblins
  6 jackals
  8 kobolds
  2 quokkas
  3 ball pythons
  5 bats
  A frilled lizard (D:4)
  7 rats
79 creatures vanquished.

Notes
Turn   | Place    | Note
-------+----------+-------------------------------------------
     0 | D:1      | ANON1729 the Octopode Fire Elementalist began the quest for the Orb.
     0 | D:1      | Reached XP level 1. HP: 11/11 MP: 3/3
    47 | D:2      | Reached XP level 2. HP: 3/17 MP: 0/5
   937 | D:2      | Reached XP level 3. HP: 21/21 MP: 2/6
  1311 | D:2      | Found an iron altar of Okawaru.
  1318 | D:2      | Found a radiant altar of Vehumet.
  1327 | D:2      | Found a deep blue altar of Sif Muna.
  1331 | D:2      | Became a worshipper of Sif Muna the Loreminder
  1615 | D:3      | Learned a level 3 spell: Conjure Flame
  1853 | D:3      | Reached XP level 4. HP: 27/27 MP: 2/8
  2860 | D:3      | Learned a level 4 spell: Sticky Flame
  2861 | D:3      | Found a basalt altar of Yredelemnul.
  2926 | D:3      | Reached XP level 5. HP: 10/31 MP: 4/9
  3087 | D:3      | Reached skill level 4 in Fire Magic
  3282 | D:4      | Found a burning altar of Makhleb.
  3373 | D:4      | Noticed Sigmund
  3376 | D:4      | Noticed Eustachio
  3383 | D:4      | Killed Sigmund
  3383 | D:4      | Reached * piety under Sif Muna
  3383 | D:4      | Reached XP level 6. HP: 32/36 MP: 1/11
  3488 | D:4      | Found a glowing drain.
  3562 | Sewer    | Entered a sewer
  3764 | Sewer    | Found a white marble altar of Elyvilon.
  3868 | D:4      | Reached skill level 5 in Fire Magic
  3904 | D:4      | Reached XP level 7. HP: 28/41 MP: 0/13
  4016 | D:4      | Slain by a gnoll

Skill      XL: |  1  2  3  4  5  6 |
---------------+-------------------+-----
Conjurations   | 2 3 4 |  4.0
Spellcasting   | 3 4 |  4.2
Fire Magic     | 4 5 |  5.1
Dodging        | |  2.0
Stealth        | |  2.6

Action                   |  1- 3 |  4- 6 |  7- 9 || total
-------------------------+-------+-------+-------++-------
Melee: Unarmed           |    28 |    54 |       ||    82
       Tentacles         |    10 |     8 |       ||    18
       Constrict         |    13 |    16 |       ||    29
 Cast: Flame Tongue      |    47 |    77 |     6 ||   130
       Sticky Flame      |       |     1 |       ||     1
       Conjure Flame     |       |     1 |       ||     1
  Use: Potion            |       |     1 |       ||     1
       Scroll            |       |     1 |       ||     1
 Stab: Sleeping          |     1 |     1 |       ||     2
  Eat: Chunk             |     3 |     7 |       ||    10
Armor: Skin              |     7 |     5 |       ||    12
Dodge: Dodged            |    35 |    59 |     4 ||    98
